 Dungeon Crawl Stone Soup version 0.23.2-33-g5129a83184 (webtiles) character file.

Game seed: 8749015238236174359

21 DorianNounverber the Magician (level 2, 0/15 HPs)
             Began as a Deep Elf Wizard on July 7, 2019.
             Slain by a giant cockroach (1 damage)
             ... on level 1 of the Dungeon.
             The game lasted 00:02:27 (1084 turns).

DorianNounverber the Magician (Deep Elf Wizard)     Turns: 1084, Time: 00:02:27

Health: 0/15       AC:  2    Str:  4    XL:     2   Next: 65%
Magic:  7/10       EV: 13    Int: 22    God:
Gold:   96         SH:  0    Dex: 13    Spells: 11/11 levels left

rFire    . . .     SeeInvis .   (no weapon)
rCold    . . .     Gourm    .   (no shield)
rNeg     . . .     Faith    .   a - +0 robe
rPois    .         Spirit   .   b - +0 hat
rElec    .         Reflect  .   (no cloak)
rCorr    .         Harm     .   (no gloves)
MR       .....     Rnd*Tele +   (no boots)
Stlth    ++........             (no amulet)
HPRegen  0.05/turn              (no ring)
MPRegen  0.12/turn              (no ring)

@: no status effects
A: teleportitis 1, evolution 1
a: no special abilities


You were on level 1 of the Dungeon.
You were not hungry.

You visited 1 branch of the dungeon, and saw 1 of its levels.

You collected 96 gold pieces.

Inventory:

Missiles
 c - 6 poisoned needles
 h - a throwing net (quivered)
Armour
 a - a +0 robe (worn)
 b - a +0 hat (worn)
 j - a cursed +0 scale mail
Scrolls
 i - a scroll of remove curse {unknown}
Potions
 f - a potion of agility {unknown}
Comestibles
 d - a ration


   Skills:
 + Level 2.6 Dodging
 + Level 2.5 Stealth
 + Level 5.3 Spellcasting
   Level 1.5 Conjurations
   Level 1.1 Summonings
   Level 1.1 Translocations


You had 11 spell levels left.
You didn't know any spells.
Your spell library contained the following spells:

 Spells                   Type           Power        Failure   Level  Hunger
 Magic Dart               Conj           ##..         5%          1    None
 Blink                    Tloc           N/A          10%         2    None
 Call Imp                 Summ           ##......     10%         2    None
 Slow                     Hex            #.......     16%         2    None
 Conjure Flame            Conj/Fire      #.......     22%         3    ##.....
 Mephitic Cloud           Conj/Pois/Air  #.......     24%         3    ##.....


Dungeon Overview and Level Annotations

Branches:
Dungeon (1/15)

Altars:


Innate Abilities, Weirdness & Mutations

You are occasionally teleported next to monsters.
You evolve.


Message History

You hit the giant cockroach but do no damage.
The giant cockroach is severely wounded.
The giant cockroach closely misses you.
You barely miss the giant cockroach.
The giant cockroach is severely wounded.
The giant cockroach barely misses you.
You hit the giant cockroach but do no damage.
The giant cockroach is severely wounded.
The giant cockroach misses you. x2
You hit the giant cockroach but do no damage.
The giant cockroach is severely wounded.
The giant cockroach closely misses you.
You barely miss the giant cockroach.
The giant cockroach is severely wounded.
The jackal stops to sniff the ground.
The giant cockroach closely misses you.
You hit the giant cockroach but do no damage.
The giant cockroach is severely wounded.
The giant cockroach bites you.
You die...

.+.......+..........†....('......
.#.......###...####...#..##..(...
.........###...########..#######.
...........'...'.........# ####
..........##...#########.# #...
##........##..J### #.# #.##
........r.Jhh..sh# #.#####.##
####....#.######s# #.........
#....#.# #@## #......... #..s.#J#
#..# #......... #h.J...#
##.######......... #h######
#.....##......... #.#
##............... #.##
#............... ####h.#########
##..........#'##
...r..........#####........###.##
#s#######'###..............# #.##


You could see an ooze, a jackal and 2 giant cockroaches.

Vanquished Creatures
  An ooze (D:1)
  2 leopard geckos (D:1)
  4 bats (D:1)
  A giant cockroach (D:1)
  A jackal (D:1)
  A ball python (D:1)
  2 frilled lizards (D:1)
  2 goblins (D:1)
  A kobold (D:1)
  2 rats (D:1)
17 creatures vanquished.

Notes
Turn   | Place    | Note
-------+----------+-------------------------------------------
     0 | D:1      | DorianNounverber the Deep Elf Wizard began the quest for
                  | the Orb.
     0 | D:1      | Reached XP level 1. HP: 10/10 MP: 7/7
     1 | D:1      | Found a runed translucent door.
   194 | D:1      | Reached skill level 5 in Spellcasting
   194 | D:1      | Reached XP level 2. HP: 10/15 MP: 3/10
  1069 | D:1      | Gained mutation: You are occasionally teleported next to
                  | monsters. [potion of mutation]
  1069 | D:1      | Gained mutation: You evolve. [potion of mutation]
  1084 | D:1      | Slain by a giant cockroach

Skill      XL: |  1 |
---------------+----+-----
Spellcasting   | 5 |  5.3
Dodging        | |  2.6
Stealth        | |  2.5
Conjurations   | |  1.5
Summonings     | |  1.1
Translocations | |  1.1

Action                   || total
-------------------------++-------
Melee: Unarmed           ||    14
 Cast: Magic Dart        ||    47
  Use: Scroll            ||     1
       Potion            ||     1
Armor: Robe              ||     5
Dodge: Dodged            ||    24
